Map: Divergence LE

Players

cadaversoon - Winner!

  • Race: Terran Terran
  • Spawn Location: 11:00

SefirotSLL - Winner!

  • Race: Zerg Zerg
  • Spawn Location: 11:00

Massa

  • Race: Terran Terran
  • League: Gold
  • Spawn Location: 5:00

qqq

  • Race: Zerg Zerg
  • League: Platinum
  • Spawn Location: 5:00

VOD

Have the link to the VOD?

Description

Time

  • Played on: May 4, 2020, 1:34 p.m.
  • Length: 12:31
Show
View Real Time Build Order
Export as new Build Order

cadaversoon Terran - Winner!

Build Orders: 2 Factory, Hellion Opening 

Get SALT Encoding   

  12  0:01  SCV  
  13  0:13  SCV  
  14  0:27  Supply Depot  
  14  0:28  SCV  
  15  0:36  Refinery  
  15  0:49  SCV  
  16  0:50  Barracks  
  16  0:59  Refinery  
  16  1:01  SCV  
  17  1:13  SCV  
  18  1:25  SCV  
  19  1:38  Orbital Command  
  19  1:44  Factory  
  19  1:47  Barracks Reactor  
  19  2:10  Factory  
  19  2:11  SCV  
  20  2:16  Supply Depot  
  20  2:23  SCV  
  21  2:36  SCV  
  21  2:39  Barracks Tech Lab, Hellion x2  
  25  2:48  SCV  
  26  2:58  Supply Depot  
  26  3:00  SCV, Hellion  
  26  3:05  Hellion  
  31  3:06  Infernal Pre-Igniter  
  31  3:18  Supply Depot  
  31  3:20  Hellion  
  33  3:30  Hellion x2  
  35  3:43  Hellion  
  37  3:52  Hellion x2  
  37  4:05  SCV, Hellion  
  38  4:10  Supply Depot  
  38  4:13  Hellion x2  
  40  4:17  SCV  
  39  4:26  Hellion  
  39  4:29  SCV  
  42  4:34  Hellion  
  42  4:35  Supply Depot  
  44  4:42  SCV  
  45  4:54  SCV  
  44  5:24  Starport  
  44  5:26  Command Center  
  44  5:32  Supply Depot  
  44  5:33  Siege Tank  
  47  5:37  Barracks Reactor  
  47  5:40  Factory Tech Lab  
  47  5:54  Supply Depot  
  47  5:55  SCV  
  48  6:01  Siege Tank  
  51  6:05  Siege Tank  
  51  6:07  SCV  
  55  6:12  Supply Depot  
  55  6:20  SCV  
  55  6:22  Engineering Bay  
  56  6:32  SCV  
  57  6:38  Barracks Tech Lab  
  57  6:44  SCV  
  58  6:52  Siege Tank  
  58  6:53  Siege Tank  
  64  6:56  SCV  
  65  7:03  Missile Turret  
  65  7:08  SCV  
  66  7:13  Refinery  
  66  7:19  Missile Turret  
  66  7:20  SCV  
  67  7:24  Orbital Command  
  67  7:42  SCV  
  67  7:43  Command Center  
  66  7:52  Refinery  
  66  7:54  SCV  
  67  8:01  SCV, Missile Turret  
  67  8:05  Missile Turret  
  68  8:07  SCV  
  68  8:09  Armory  
  69  8:13  SCV  
  69  8:19  SCV  
  71  8:28  SCV  
  71  8:31  SCV  
  71  8:33  Refinery  
  73  8:38  Factory  
  73  8:41  Refinery  
  73  8:43  Missile Turret  
  73  8:48  SCV x2  
  75  8:59  Factory  
  75  9:00  SCV, Terran Vehicle Weapons Level 1  
  76  9:05  Viking x2  
  80  9:10  Thor x2  
  80  9:11  SCV x2  
  80  9:12  SCV  
  95  9:29  Factory Tech Lab  
  95  9:36  Supply Depot x2  
  95  9:37  SCV x2  
  98  9:40  Planetary Fortress  
  97  9:49  SCV x2  
  97  9:51  Supply Depot  
  99  9:55  Missile Turret  
  99  9:59  Thor x3  
  117  10:01  SCV  
  117  10:02  SCV  
  117  10:06  Supply Depot  
  119  10:13  SCV  
  120  10:14  SCV  
  121  10:24  Armory  
  121  10:31  SCV  
  121  10:32  SCV x2  
  124  10:42  Thor x2  
  136  10:43  Command Center  
  136  10:44  SCV  
  136  10:48  Thor  
  143  10:54  Supply Depot x3  
  143  10:57  Supply Depot  
  143  11:01  Factory Tech Lab  
  143  11:12  SCV x3  
  146  11:24  SCV  
  146  11:25  Siege Tank x2  
  153  11:31  Siege Tank, Supply Depot  
  153  11:32  Supply Depot  
  156  11:34  Supply Depot  
  150  12:01  SCV x3  
  170  12:13  SCV  
  171  12:19  Barracks  
  171  12:20  Barracks  
  171  12:21  Barracks  
  171  12:22  Barracks  
Show
View Real Time Build Order
Export as new Build Order

SefirotSLL Zerg - Winner!

Build Orders: Hatch First 

Get SALT Encoding   

  12  0:01  Drone  
  13  0:11  Drone  
  14  0:16  Overlord  
  14  0:35  Drone x3  
  17  0:46  Drone  
  18  0:59  Hatchery  
  17  1:05  Extractor  
  17  1:06  Drone  
  17  1:12  Spawning Pool  
  17  1:16  Drone  
  17  1:22  Overlord  
  17  1:31  Drone  
  19  1:40  Drone  
  19  1:50  Drone  
  20  1:59  Queen  
  22  2:04  Metabolic Boost  
  22  2:07  Drone  
  23  2:11  Queen  
  23  2:12  Drone x2  
  28  2:22  Drone  
  28  2:23  Drone  
  29  2:33  Drone x2  
  31  2:44  Lair  
  31  2:45  Zergling x4  
  33  2:54  Zergling x2  
  33  2:55  Zergling x2  
  35  3:05  Zergling x2  
  36  3:07  Overlord  
  36  3:14  Overlord  
  36  3:21  Queen  
  36  3:32  Zergling x4  
  36  3:33  Zergling x4  
  37  3:37  Zergling x6  
  40  3:51  Zergling x2  
  40  3:52  Zergling x6  
  43  3:56  Queen  
  45  4:06  Zergling x4  
  44  4:24  Zergling x4  
  44  4:25  Zergling x4  
  46  4:32  Queen  
  46  4:33  Overlord  
  48  4:45  Hatchery  
  47  4:46  Drone x3  
  49  5:02  Drone  
  49  5:03  Drone  
  48  5:08  Queen  
  50  5:17  Drone x5  
  53  5:28  Drone x2  
  55  5:31  Drone  
  56  5:37  Extractor  
  56  5:39  Extractor  
  56  5:41  Spire  
  53  5:54  Drone x5  
  58  6:02  Drone x3  
  61  6:04  Hatchery  
  60  6:16  Queen  
  60  6:18  Drone x3  
  63  6:19  Overlord x4  
  65  6:46  Pneumatized Carapace  
  65  6:55  Spore Crawler  
  65  6:58  Spine Crawler  
  65  7:00  Drone x10  
  73  7:03  Overseer  
  73  7:12  Drone  
  73  7:13  Drone x4  
  78  7:17  Extractor  
  78  7:20  Extractor  
  78  7:21  Extractor, Drone  
  78  7:22  Drone  
  77  7:23  Queen  
  79  7:30  Drone  
  79  7:31  Drone x6  
  86  7:37  Drone x3  
  86  7:38  Drone  
  90  7:46  Zerg Flyer Weapons Level 1  
  90  7:49  Drone  
  90  7:50  Drone x8  
  99  8:03  Drone x2  
  99  8:04  Drone x2  
  99  8:05  Extractor, Overlord x2  
  103  8:07  Extractor  
  101  8:12  Overlord  
  101  8:13  Overlord x3  
  101  8:16  Hatchery  
  101  8:17  Drone x3  
  101  8:19  Overlord x3  
  103  8:25  Evolution Chamber  
  103  8:26  Hatchery, Evolution Chamber  
  100  8:30  Infestation Pit  
  100  8:32  Roach Warren, Overseer  
  100  8:34  Drone x4  
  102  8:41  Spire  
  101  8:49  Spine Crawler  
  101  8:51  Spine Crawler  
  101  8:52  Drone x3  
  101  8:54  Spine Crawler  
  101  8:57  Drone x6  
  101  8:58  Spine Crawler  
  101  9:00  Spine Crawler  
  105  9:03  Spine Crawler  
  105  9:06  Drone  
  105  9:07  Drone x3  
  105  9:08  Spine Crawler  
  107  9:14  Mutalisk  
  107  9:15  Mutalisk x11  
  130  9:17  Mutalisk  
  132  9:30  Queen  
  134  9:31  Mutalisk  
  134  9:32  Mutalisk x3  
  134  9:33  Mutalisk  
  134  9:35  Spine Crawler  
  134  9:36  Spine Crawler  
  134  9:37  Spine Crawler  
  141  9:40  Drone x4  
  141  9:44  Overseer  
  141  9:45  Spine Crawler  
  144  9:46  Spine Crawler  
  143  9:56  Mutalisk x2  
  143  9:57  Mutalisk x6  
  159  10:06  Glial Reconstitution  
  159  10:09  Hive, Baneling Nest  
  158  10:19  Spine Crawler  
  158  10:21  Mutalisk x5  
  157  10:22  Spore Crawler  
  157  10:25  Spine Crawler  
  165  10:43  Mutalisk x3  
  165  10:44  Mutalisk x2  
  175  10:56  Mutalisk  
  175  10:57  Mutalisk  
  171  11:03  Drone x4  
  171  11:04  Drone x7  
  180  11:05  Drone x3  
  187  11:30  Overlord  
  187  11:31  Overlord x3  
  187  11:36  Spore Crawler x2  
  187  11:37  Spore Crawler  
  187  11:39  Spore Crawler  
  183  11:40  Spore Crawler  
  183  11:42  Spore Crawler  
  172  11:59  Mutalisk x2  
  172  12:00  Mutalisk x2, Spore Crawler  
  177  12:03  Spore Crawler x2  
  177  12:04  Mutalisk  
  177  12:05  Mutalisk x2, Spore Crawler  
Show
View Real Time Build Order
Export as new Build Order

Massa Terran 

Build Orders:  

Get SALT Encoding   

  12  0:13  SCV  
  13  0:15  Supply Depot  
  13  0:25  SCV  
  14  0:37  SCV  
  14  0:39  Barracks  
  15  0:49  SCV  
  16  0:58  Supply Depot  
  16  1:01  SCV  
  17  1:13  SCV  
  18  1:25  SCV, Barracks  
  18  1:30  Barracks, Marine  
  20  1:36  Refinery  
  20  1:41  Orbital Command  
  20  1:48  Marine  
  21  1:58  Barracks  
  21  2:15  Marine x2  
  22  2:16  Marine  
  22  2:18  Supply Depot  
  22  2:19  SCV  
  25  2:33  Marine  
  25  2:34  Marine x2  
  28  2:42  Supply Depot  
  28  2:46  Marine  
  28  2:51  Marine  
  30  2:52  Marine x2  
  32  3:04  Marine  
  33  3:08  Marine  
  33  3:09  Marine  
  33  3:10  Marine  
  36  3:15  Factory  
  30  3:43  Marine x4  
  31  4:00  Marine  
  31  4:01  Marine x3  
  28  4:18  Marine x3  
  28  4:19  Marine  
  28  4:30  Factory Tech Lab  
  24  4:36  Marine x2  
  28  4:40  Engineering Bay  
  28  4:41  Barracks Tech Lab  
  28  4:44  Barracks Reactor  
  26  4:50  Siege Tank  
  29  4:54  Marine x2  
  31  5:07  Engineering Bay  
  31  5:12  Marine  
  31  5:13  Marauder, Marine  
  35  5:29  Marine  
  35  5:31  Marine  
  35  5:32  Siege Tank  
  35  5:34  Marauder  
  42  5:44  Marine  
  42  5:47  Marine  
  42  5:49  Marine  
  45  5:55  Marauder, Command Center  
  47  6:05  Supply Depot  
  47  6:23  Supply Depot  
  47  6:25  Missile Turret  
  47  6:26  Marauder, Marine x2  
  47  6:29  Terran Infantry Weapons Level 1  
  51  6:35  Marine x2  
  53  6:44  Marine x2  
  55  6:48  Marauder  
  55  6:49  SCV  
  55  6:53  Marine x2  
  60  7:09  Marauder, Command Center  
  60  7:10  SCV  
  63  7:23  SCV  
  63  7:25  SCV  
  65  7:35  SCV, Terran Infantry Armor Level 1  
  66  7:37  SCV  
  67  7:47  SCV  
  68  7:57  Refinery  
  68  7:59  SCV  
  69  8:16  Marine, Marauder, Sensor Tower  
  69  8:17  Marine x2  
  75  8:23  Barracks Reactor  
  74  8:28  SCV  
  75  8:34  Marine x2  
  75  8:35  Orbital Command, Marine  
  75  8:38  Marauder  
  75  8:39  SCV  
  75  8:40  SCV  
  82  8:51  SCV  
  82  8:53  SCV, Armory  
  84  9:03  SCV  
  85  9:15  SCV  
  85  9:16  Marine x2  
  85  9:17  Marauder, Marine x3  
  93  9:25  Sensor Tower  
  93  9:33  Refinery  
  93  9:34  Refinery  
  93  9:37  Supply Depot  
  93  9:45  SCV x2, Marine x6  
  101  9:48  Terran Infantry Armor Level 2  
  101  9:54  Refinery  
  101  9:57  Refinery  
  101  9:58  SCV x2  
  101  9:59  Bunker, Supply Depot  
  103  10:10  SCV x2  
  103  10:11  Combat Shield  
  105  10:22  SCV x2, Supply Depot  
  107  10:34  SCV x3  
  110  10:44  Supply Depot  
  110  10:46  SCV x3  
  113  10:58  SCV  
  113  10:59  SCV  
  115  11:06  Supply Depot  
  114  11:21  Marauder, Marine x5  
  121  11:29  Thor  
  121  11:30  Supply Depot  
  127  11:39  Marine x5  
  132  11:42  Marauder  
  130  11:56  Marine x2  
  130  11:57  Marine x3  
  135  12:04  Marauder  
  137  12:14  Starport  
Show
View Real Time Build Order
Export as new Build Order

qqq Zerg 

Build Orders: Hatch First 

Get SALT Encoding   

  12  0:04  Drone  
  13  0:10  Drone  
  14  0:36  Hatchery  
  13  0:50  Spawning Pool  
  13  0:54  Drone  
  13  0:57  Extractor  
  12  1:05  Overlord  
  12  1:10  Drone  
  13  1:14  Drone  
  14  1:26  Drone  
  14  1:31  Drone  
  16  1:45  Zergling x2  
  17  1:50  Zergling x2  
  17  1:53  Zergling x2  
  19  2:01  Baneling Nest  
  19  2:03  Roach Warren  
  19  2:05  Drone  
  18  2:10  Drone  
  18  2:14  Zergling x2  
  20  2:19  Drone  
  22  2:22  Zergling x2  
  22  2:27  Zergling x2  
  23  2:32  Zergling x2  
  24  2:46  Overlord  
  24  2:47  Zergling x2  
  24  2:48  Drone  
  26  2:58  Roach  
  28  3:00  Overlord  
  28  3:06  Baneling x2  
  28  3:07  Baneling  
  28  3:10  Roach  
  28  3:12  Drone  
  31  3:19  Overlord  
  30  3:25  Overlord  
  26  3:43  Roach  
  27  3:57  Roach x2  
  31  4:09  Roach  
  32  4:20  Roach  
  26  4:31  Zergling x2  
  26  4:36  Roach x2  
  26  4:37  Roach  
  28  4:47  Roach  
  28  4:48  Roach  
  32  4:56  Lair  
  24  5:23  Roach x3  
  30  5:44  Hatchery  
  29  5:51  Drone x2  
  29  5:55  Queen  
  33  5:58  Drone  
  34  6:08  Drone  
  34  6:11  Extractor  
  34  6:17  Drone  
  35  6:31  Drone  
  36  6:39  Spire  
  35  6:44  Drone  
  36  6:51  Drone  
  37  7:02  Drone  
  37  7:05  Drone  
  37  7:07  Overlord  
  39  7:11  Hatchery  
  38  7:16  Drone  
  41  7:23  Zergling x2, Roach  
  41  7:24  Zergling x2  
  41  7:26  Drone  
  44  7:43  Zergling x6  
  47  7:44  Metabolic Boost  
  47  7:50  Mutalisk  
  49  7:53  Drone  
  49  7:58  Mutalisk  
  50  8:05  Mutalisk  
  52  8:08  Drone  
  55  8:14  Overlord  
  55  8:17  Drone  
  56  8:20  Drone  
  56  8:24  Mutalisk  
  59  8:33  Zerg Flyer Weapons Level 1  
  59  8:42  Mutalisk  
  61  8:53  Extractor x2, Drone x2  
  61  8:54  Drone x4  
  65  8:59  Overlord  
  65  9:03  Mutalisk  
  62  9:26  Mutalisk  
  62  9:29  Drone x3  
  62  9:30  Drone x3  
  70  9:34  Extractor  
  70  9:37  Mutalisk  
  71  9:39  Overlord  
  71  9:40  Overlord  
  71  9:55  Drone  
  71  9:58  Drone  
  73  10:01  Drone  
  73  10:02  Drone  
  74  10:10  Mutalisk  
  74  10:11  Hatchery, Mutalisk  
  77  10:15  Mutalisk  
  77  10:19  Mutalisk  
  81  10:27  Zerg Flyer Armor Level 1  
  81  10:28  Drone x2  
  83  10:30  Drone  
  84  10:37  Mutalisk  
  86  10:45  Mutalisk  
  88  10:56  Mutalisk  
  90  11:01  Drone x4  
  90  11:02  Drone x2  
  90  11:03  Overlord  
  90  11:04  Overlord  
  84  11:20  Drone  
  84  11:22  Drone  
  86  11:30  Mutalisk x2  
  90  11:34  Drone x2  
  90  11:35  Mutalisk x2  
  92  12:02  Corruptor x3  
  92  12:08  Drone x4  
  101  12:09  Drone x2  
Tags
 
Add a new tag
Caveats
  • Supply blocks, unpowered buildings, or Contaminate may cause inaccurate times.
  • Supply counts are checked every 10 seconds.